 Dungeon Crawl Stone Soup version 0.25.0-11-g1f837a76a1 (webtiles) character file.

Game seed: 1073461823571452746

2422 xccam the Cutter (level 9, -8/48 HPs)
             Began as a Tengu Assassin on June 25, 2020.
             Was a Believer of Vehumet.
             Mangled by a death yak (15 damage)
             ... on level 8 of the Dungeon.
             The game lasted 00:17:35 (8201 turns).

xccam the Cutter (Tengu Assassin)                   Turns: 8201, Time: 00:17:35

Health: -8/48      AC:  6    Str: 12    XL:     9   Next: 48%
Magic:  14/14      EV: 17    Int: 12    God:    Vehumet [**....]
Gold:   376        SH:  0    Dex: 16    Spells: 13/14 levels left

rFire    + . .     SeeInvis .   L - +2 dagger (elec)
rCold    + . .     Gourm    .   (no shield)
rNeg     . . .     Faith    +   p - +0 leather armour {rC+}
rPois    .         Spirit   .   (helmet restricted)
rElec    .         Reflect  .   c - +0 cloak
rCorr    .         Harm     .   C - +1 pair of gloves
MR       .....                  (boots unavailable)
Stlth    +++.......             J - amulet of faith
HPRegen  0.16/turn              g - ring of stealth
MPRegen  0.14/turn              M - ring of Gezi {+Fly rF+ Int-2 Slay+3}

@: flying quickly and evasively, quick
A: beak, talons 3, able to fly
a: Stop Flying, Renounce Religion


You were on level 8 of the Dungeon.
You worshipped Vehumet.
Vehumet was pleased with you.
You were hungry.

You visited 2 branches of the dungeon, and saw 9 of its levels.

You collected 376 gold pieces.

Inventory:

Hand Weapons
 y - a +1 dagger of venom
 L - a +2 dagger of electrocution (weapon)
 P - a +2 vampiric whip
Missiles
 d - 38 poisoned darts (quivered)
 e - 2 curare-tipped darts
Armour
 c - a +0 cloak (worn)
 m - a scarf of invisibility
 p - a +0 leather armour of cold resistance (worn)
 z - a +0 kite shield
 C - a +1 pair of gloves (worn)
 E - a +0 buckler
Magical Staves
 F - an uncursed staff of wizardry
 H - an uncursed staff of cold
Jewellery
 g - a ring of stealth (left hand)
 J - an amulet of faith (around neck)
 M - the ring of Gezi (right hand) {+Fly rF+ Int-2 Slay+3}
   (You found it on level 7 of the Dungeon)

   [ring of protection from fire]

   It affects your intelligence (-2).
   It affects your accuracy and damage with ranged weapons and melee attacks
   (+3).
   It protects you from fire.
   It lets you fly.
 O - a +6 ring of intelligence {unknown}
Wands
 a - a wand of clouds (3)
 l - a wand of polymorph (7)
 w - a wand of acid (3)
Scrolls
 b - a scroll of immolation {unknown}
 i - 7 scrolls of teleportation {unknown}
 k - 2 scrolls of fear {unknown}
 o - 2 scrolls of enchant weapon {unknown}
 q - 2 scrolls of magic mapping {unknown}
 s - 8 scrolls of identify {unknown}
 t - a scroll of noise {unknown}
 v - 4 scrolls of remove curse {unknown}
 x - 2 scrolls of enchant armour {unknown}
 D - a scroll of brand weapon {unknown}
 K - a scroll of blinking {unknown}
 N - a scroll of amnesia {unknown}
Potions
 h - 2 potions of flight
 j - a potion of degeneration {unknown}
 n - a potion of mutation {unknown}
 r - a potion of might {unknown}
 A - a potion of curing
 B - 3 potions of heal wounds
 G - a potion of haste {unknown}
 I - a potion of stabbing {unknown}
Comestibles
 f - 16 rations


   Skills:
 - Level 2.0 Fighting
 + Level 6.7 Short Blades
 - Level 5.0 Throwing
 + Level 4.2 Armour
 + Level 4.5 Dodging
 - Level 4.0 Stealth
 - Level 5.0 Shields
 - Level 3.0 Spellcasting
 - Level 4.0 Conjurations
 - Level 4.0 Fire Magic


You had 13 spell levels left.
You knew the following spells:

 Your Spells              Type           Power        Failure   Level  Hunger
a - Foxfire               Conj/Fire      ##..         6%          1    #......

Your spell library contained the following spells:

 Spells                   Type           Power        Failure   Level  Hunger
 Sandblast                Erth           #.....       30%         1    #......
 Confusing Touch          Hex            #.......     67%         3    ###....
 Gell's Gravitas          Tloc           #.........   67%         3    ###....
 Petrify                  Tmut/Erth      #.......     97%         4    #####..
 Metabolic Englaciation   Hex/Ice        #.........   100%        5    ######.
 Yara's Violent Unravell  Hex/Tmut       #.........   100%        5    ######.


Dungeon Overview and Level Annotations

Branches:
Dungeon (8/15)             Temple (1/1) D:4
   Lair: D:8-11

Altars:
Ashenzari
Cheibriados
Dithmenos
Elyvilon
Fedhas
Gozag
Hepliaklqana
Kikubaaqudgha
Makhleb
Nemelex Xobeh
Qazlal
Ru
Sif Muna
Trog
Uskayaw
Vehumet
Wu Jian
Xom
Yredelemnul
Zin
The Shining One


Innate Abilities, Weirdness & Mutations

You have a beak for a mouth.
You have claws for feet.
You can fly continuously.


Message History

You peck the death yak, but do no damage.
The death yak is severely wounded.
The death yak gores you but does no damage.
You hit the death yak but do no damage. You claw the death yak.
The death yak is severely wounded.
Your leather armour prevents you from hitting the death yak.
You claw the death yak!
You peck the death yak, but do no damage.
The death yak is almost dead.
The death yak gores you!!
* * * LOW HITPOINT WARNING * * *
Evoke which item? (* to show all) (? for menu, Esc to quit)
Aiming: Cloud Cone
Press: ? - help, Dir - move target cursor, f/p - death yak
Aim: a death yak (almost dead)
You create a blast of noxious fumes!
The yak bellows!
The death yak is engulfed in noxious fumes. x2
The death yak gores you!
You die...

###### ######.##.###
####....#...(..# ##
##...........#..###.##
#........###@##.##...#
##.....#####YY......##
#..#..<..##.YY§§(....#
..#......#...§Y§#.#..##
#o.........§§§..)...#.
............................
##...........#.##.........).
...................Y........
...............##..##....##.


You could see 3 death yaks and 3 yaks.

Vanquished Creatures
  Sigmund (D:4)
  A steam dragon (D:7)
  An ice beast (D:7)
  2 sky beasts
  A phantom (D:8)
  2 centaurs
  3 bullfrogs
  7 killer bees
  5 howler monkeys
  4 crimson imps
  A hound (D:8)
  A jelly (D:5)
  2 orc priests
  Jessica (D:3)
  Terence (D:2)
  2 iguanas
  4 worker ants
  6 orc wizards
  A howler monkey zombie (D:5)
  2 worker ant zombies
  10 gnolls
  4 adders
  An adder skeleton (D:7)
  A worm (D:5)
  A dart slug (D:1)
  5 leopard geckos
  22 orcs
  4 giant cockroaches
  12 goblins
  8 hobgoblins
  13 jackals
  9 kobolds
  6 quokkas
  9 bats
  3 frilled lizards
  2 quokka skeletons
  3 rats
161 creatures vanquished.

Vanquished Creatures (others)
  An iguana (D:4)
  A goblin (D:4)
  15 foxfires
17 creatures vanquished.

Grand Total: 178 creatures vanquished

Notes
Turn   | Place    | Note
-------+----------+-------------------------------------------
     0 | D:1      | xccam the Tengu Assassin began the quest for the Orb.
     0 | D:1      | Reached XP level 1. HP: 12/12 MP: 2/2
   265 | D:1      | Reached XP level 2. HP: 17/17 MP: 3/3
   269 | D:1      | Reached skill level 3 in Short Blades
  1187 | D:2      | Noticed Terence
  1191 | D:2      | Killed Terence
  1191 | D:2      | Reached skill level 4 in Short Blades
  1191 | D:2      | Reached XP level 3. HP: 21/21 MP: 4/4
  1393 | D:2      | Reached XP level 4. HP: 26/26 MP: 5/5
  1684 | D:3      | Reached skill level 5 in Short Blades
  2358 | D:3      | Noticed Jessica
  2365 | D:3      | Killed Jessica
  2365 | D:3      | Gained mutation: You can fly continuously. [Tengu growth]
  2365 | D:3      | Reached XP level 5. HP: 30/30 MP: 6/6
  2690 | D:4      | Found a staircase to the Ecumenical Temple.
  2707 | Temple   | Entered the Ecumenical Temple
  2808 | Temple   | Became a worshipper of Vehumet
  3140 | D:4      | Noticed a sky beast
  3222 | D:4      | Noticed Ijyb
  3238 | D:4      | Noticed Ijyb
  3238 | D:4      | Ijyb changed into Ijyb the iguana
  3243 | D:4      | Killed Ijyb the iguana
  3306 | D:4      | Reached XP level 6. HP: 34/35 MP: 7/7
  3364 | D:4      | Found a hazy altar of Hepliaklqana.
  3797 | D:4      | Noticed Sigmund
  3807 | D:4      | Killed Sigmund
  3807 | D:4      | Reached skill level 5 in Throwing
  3807 | D:4      | Reached skill level 1 in Armour
  3941 | D:5      | Entered Level 5 of the Dungeon
  4060 | D:5      | Reached XP level 7. HP: 39/40 MP: 8/8
  4087 | D:5      | Found a sparkling altar of Nemelex Xobeh.
  4376 | D:5      | Reached * piety under Vehumet
  4376 | D:5      | Offered knowledge of Foxfire by Vehumet.
  4379 | D:5      | Learned a level 1 spell: Foxfire
  4650 | D:6      | Reached skill level 1 in Conjurations
  4650 | D:6      | Reached skill level 1 in Fire Magic
  4655 | D:6      | Reached skill level 1 in Spellcasting
  4906 | D:6      | Reached XP level 8. HP: 44/44 MP: 11/11
  5257 | D:6      | Found a glowing golden altar of the Shining One.
  5257 | D:6      | Found a sacrificial altar of Ru.
  5269 | D:6      | Found a hide-covered altar of Uskayaw.
  5285 | D:6      | Found a stormy altar of Qazlal.
  6312 | D:7      | Reached skill level 1 in Shields
  6333 | D:7      | Found a white marble altar of Elyvilon.
  6361 | D:7      | Offered knowledge of Sandblast by Vehumet.
  6375 | D:7      | Reached ** piety under Vehumet
  6597 | D:7      | Got a transparent gossamer ring
  7383 | D:7      | Reached XP level 9. HP: 48/48 MP: 12/14
  7386 | D:7      | Reached skill level 5 in Shields
  7577 | D:8      | Reached skill level 6 in Short Blades
  7890 | D:8      | Identified the ring of Gezi {+Fly rF+ Int-2 Slay+3} (You
                  | found it on level 7 of the Dungeon)
  8171 | D:8      | Noticed a death yak
  8171 | D:8      | Noticed a death yak
  8175 | D:8      | Noticed a death yak
  8201 | D:8      | Mangled by a death yak

Illustrated notes

Levels and vault maps discovered:
D:1:      dpeg_arrival_water_temple_mockup, layout_basic
D:2:      layout_basic, serial_forest, infiniplex_forest_clump_cross,
          infiniplex_forest_end_2, infiniplex_forest_clump_diagonal,
          infiniplex_forest_end_1, infiniplex_forest_lined_room_,
          infiniplex_forest_lined_2, infiniplex_forest_clump_diagonal,
          uniq_terence
D:3:      layout_loops_ring, first_ration, minmay_misc_feat_ornament,
          uniq_jessica
D:4:      kennysheep_the_goblin_king, layout_basic, lemuel_round_altar,
          minmay_temple_entry_waves, minmay_misc_feat_more_columns,
          lightli_corner_chamber, uniq_sigmund
D:5:      layout_basic, kennysheep_little_box
D:6:      layout_basic, kennysheep_mini_moat, gammafunk_temple_overflow_wave,
          basic_altar, minmay_tree_intersection
D:7:      layout_basic, basic_altar
D:8:      minmay_the_grid_square_5x5_3x3
          [minmay_the_grid_square_5x5_inverted_slash,
          minmay_the_grid_square_5x5_spiral_small,
          minmay_the_grid_square_5x5_almost_minimal,
          minmay_the_grid_square_5x5_three_small,
          minmay_the_grid_square_5x5_megaprize_hollow,
          minmay_the_grid_square_5x5_minimal, minmay_the_grid_square_5x5_two,
          minmay_the_grid_square_5x5_tie, minmay_the_grid_square_5x5_longway],
          layout_cave_pools, dpeg_lair_monsters
Temple:   regret_index_temple_sphere_string

Skill      XL: |  1  2  3  4  5  6  7  8  9 |
---------------+----------------------------+-----
Short Blades   | 4 5 6 |  6.7
Throwing       | 3 4 5 |  5.0
Armour         | 1 2 4 |  4.2
Dodging        | 2 4 |  4.5
Conjurations   | 2 4 |  4.0
Fire Magic     | 2 4 |  4.0
Spellcasting   | 1 3 |  3.0
Shields        | 4 5 |  5.0
Fighting       | |  2.0
Stealth        | |  4.0

Action                   |  1- 3 |  4- 6 |  7- 9 || total
-------------------------+-------+-------+-------++-------
Melee: Dagger            |    46 |   118 |   267 ||   431
       Kick              |    11 |    29 |    76 ||   116
       Peck              |     5 |    17 |    43 ||    65
Throw: Dart              |       |    24 |    19 ||    43
 Cast: Foxfire           |       |       |    11 ||    11
 Abil: Fly               |       |     1 |       ||     1
Evoke: Wand              |       |     3 |     1 ||     4
  Use: Potion            |       |     2 |     2 ||     4
 Stab: Sleeping          |    15 |    13 |     8 ||    36
       Distracted        |       |     1 |     1 ||     2
  Eat: Chunk             |     1 |     8 |    12 ||    21
Armor: Robe              |     2 |     8 |       ||    10
       Skin              |       |     4 |    14 ||    18
       Leather armour    |       |     5 |    37 ||    42
Dodge: Dodged            |    17 |    51 |   121 ||   189
